 Dungeon Crawl Stone Soup version 0.27-a0-151-g9286b66fa0 (console) character file.

Game seed: 5073089853437049549

9 Aeth the Magician (level 2, 19/19 HPs)
             Began as a Demonspawn Hedge Wizard on Jan 27, 2021.
             Quit the game on level 1 of the Dungeon.
             The game lasted 00:01:19 (414 turns).

Aeth the Magician (Demonspawn Hedge Wizard)          Turns: 414, Time: 00:01:19

Health: 19/19      AC:  3    Str: 10    XL:     2   Next: 3%
Magic:  1/6        EV: 12    Int: 15    God:
Gold:   10         SH:  0    Dex: 12    Spells: 6/7 levels left

rFire    . . .     SeeInvis .   a - +0 dagger
rCold    . . .     Faith    .   (no shield)
rNeg     . . .     Spirit   .   b - +0 robe
rPois    .         Reflect  .   c - +0 hat
rElec    .         Harm     .   e - +0 cloak
rCorr    .         Rampage  .   (no gloves)
Will     .....                  (no boots)
Stlth    ++........             (no amulet)
HPRegen  0.06/turn              (no ring)
MPRegen  0.10/turn              (no ring)

@: very slightly contaminated
A: hooves 1
a: no special abilities


You were on level 1 of the Dungeon.
You visited 1 branch of the dungeon, and saw 1 of its levels.

You collected 10 gold pieces.

Inventory:

Hand Weapons
 a - a +0 dagger (weapon)
Armour
 b - a +0 robe (worn)
 c - a +0 hat (worn)
 e - a +0 cloak (worn)
Scrolls
 f - a scroll of enchant weapon {unknown}
 g - a scroll of identify {unknown}
 i - 3 scrolls of immolation {unknown}
Potions
 d - a potion of invisibility {unknown}
 h - a potion of haste {unknown}


   Skills:
 + Level 2.1 Dodging
 + Level 1.8 Stealth
 + Level 3.1 Spellcasting
 + Level 1.2 Conjurations
 + Level 1.0 Summonings
 + Level 0.8 Translocations


You had 6 spell levels left.
You knew the following spells:

 Your Spells              Type           Power        Failure   Level
a - Magic Dart            Conj           24%          12%         1

Your spell library contained the following spells:

 Spells                   Type           Power        Failure   Level
 Call Imp                 Summ           5%           21%         2
 Blink                    Tloc           N/A          22%         2
 Slow                     Hex            2%           30%         2
 Conjure Flame            Conj/Fire      4%           43%         3
 Mephitic Cloud           Conj/Pois/Air  3%           45%         3


Dungeon Overview and Level Annotations

Branches:
Dungeon (1/15)

Altars:


Innate Abilities, Weirdness & Mutations

You have large cloven feet.


Message History

Confirm with . or Enter, or press ? or * to list all spells.
Aiming: Magic Dart (safe; 12% risk of failure)
Press: ? - help, Shift-Dir - straight line, f/p - goblin
Aim: a goblin, wielding a +0 club (heavily wounded, 0% to evade)
You miscast Magic Dart.
You are very lightly contaminated with residual magic.
Nothing appears to happen.
Casting: Magic Dart (safe; 12% risk of failure)
Confirm with . or Enter, or press ? or * to list all spells.
Aiming: Magic Dart (safe; 12% risk of failure)
Press: ? - help, Shift-Dir - straight line, f/p - goblin
Aim: a goblin, wielding a +0 club (heavily wounded, 0% to evade)
The magic dart hits the goblin.
You kill the goblin!
You have reached level 2!
Your demonic ancestry asserts itself...
Your feet thicken and deform.
Things that are here:
a +0 club; a goblin corpse Are you sure you want to abandon this character and quit the game? (Confirm with "yes".)

# ######....
#.@....... .. .#
#.#####.## #.#.#
#.# #.#.#
#.#####.# #.#.#
#.......# #.#.#
#..###### #(#.#
#..##########.#.##
#................#
#..##########.#..#


There were no monsters in sight!

Vanquished Creatures
  3 giant cockroaches (D:1)
  2 goblins (D:1)
  A kobold (D:1)
  A bat (D:1)
7 creatures vanquished.

Notes
Turn   | Place    | Note
-------+----------+-------------------------------------------
     0 | D:1      | Aeth the Demonspawn Hedge Wizard began the quest for the
                  | Orb.
     0 | D:1      | Reached XP level 1. HP: 13/13 MP: 4/4
   413 | D:1      | Gained mutation: You have large cloven feet. [demonic
                  | ancestry]
   413 | D:1      | Reached XP level 2. HP: 19/19 MP: 1/6
   414 | D:1      | Quit the game

Illustrated notes

Levels and vault maps discovered:
D:1:      dpeg_arrival_houses_and_road, layout_loops_ring, minmay_pentomino_r2

Skill      XL: |  1 |
---------------+----+-----
Dodging        | 2 |  2.1
Stealth        | |  1.8
Spellcasting   | |  3.1
Conjurations   | |  1.2
Summonings     | |  1.0
Translocations | |  0.8

Action                   || total
-------------------------++-------
Melee: Dagger            ||    16
 Cast: Magic Dart        ||    17
Armor: Robe              ||     4
Dodge: Dodged            ||    13

Table legend: (Time is in decaauts)
 A = Elapsed time spent in this place.
 B = Non-inter-level travel time spent in this place.
 C = Inter-level travel time spent in this place.
 D = Time resting spent in this place.
 E = Time spent auto-exploring this place.
 F = Levels seen in this place.
 G = Mean time per level.
                   A        B        C        D        E       F      G
               +--------+--------+--------+--------+--------+-----+--------+
         Total |    414 |    414 |      0 |    139 |    202 |   1 |  414.0 |
       Dungeon |    414 |    414 |      0 |    139 |    202 |   1 |  414.0 |
               +--------+--------+--------+--------+--------+-----+--------+

Top non-repeatable levels by time:
     D:1: 414 daAuts
